 Dungeon Crawl Stone Soup version 0.24-a0-203-gf0bc1e9 (webtiles) character file.

Game seed: 16782860285731811824

83970 nikopol the Impaler (level 15, -6/186 HPs)
             Began as a Minotaur Berserker on Mar 25, 2019.
             Was the Champion of Trog.
             Mangled by a slime creature (14 damage)
             ... on level 13 of the Dungeon on Mar 27, 2019.
             The game lasted 01:34:57 (28346 turns).

nikopol the Impaler (Minotaur Berserker)           Turns: 28346, Time: 01:34:57

Health: -6/186     AC: 21    Str: 34    XL:     15   Next: 33%
Magic:  4/4        EV: 12    Int:  4    God:    Trog [******]
Gold:   145        SH:  0    Dex: 13    Spells: 14/14 levels left

rFire    + . .     SeeInvis +   a - +3 glaive (antimagic)
rCold    . . .     Gourm    .   (shield currently unavailable)
rNeg     . . .     Faith    .   e - +1 chain mail
rPois    +         Spirit   .   C - +2 hat {SInv}
rElec    .         Reflect  .   w - scarf {cloud immunity}
rCorr    .         Harm     .   L - +0 pair of gloves
MR       +++..                  y - +2 pair of boots
Stlth    ..........             B - amulet "Givong" {Acrobat rF+ Dex+4 Slay+2 Stlth+}
HPRegen  0.41/turn              T - ring of protection from magic
MPRegen  0.09/turn              j - ring "Dyackoro" {rPois MR+}

@: berserking, starving, very quick
A: retaliatory headbutt, horns 2, frail 1
a: Berserk, Trog's Hand, Brothers in Arms, Renounce Religion


You were on level 13 of the Dungeon.
You worshipped Trog.
Trog was exalted by your worship.
You were starving.

You visited 3 branches of the dungeon, and saw 22 of its levels.

You collected 2076 gold pieces.
You spent 1931 gold pieces at shops.

Inventory:

Hand Weapons
 a - a +3 antimagic glaive (weapon)
 t - a +2 flail of holy wrath
 z - a +7 longbow
Missiles
 h - 301 arrows
Armour
 e - a +1 chain mail (worn)
 w - a scarf of cloud immunity (worn)
 y - a +2 pair of boots (worn)
 C - a +2 hat of see invisible (worn)
 L - a +0 pair of gloves (worn)
Jewellery
 j - the ring "Dyackoro" (right hand) {rPois MR+}
   (You bought it in a shop on level 2 of the Orcish Mines)

   [ring of protection from magic]

   It protects you from poison.
   It affects your resistance to hostile enchantments.
 k - an uncursed ring of protection from cold
 s - an uncursed ring of flight
 B - the amulet "Givong" (around neck) {Acrobat rF+ Dex+4 Slay+2 Stlth+}
   (You bought it in a shop on level 2 of the Orcish Mines)

   [amulet of the acrobat]

   It helps you evade while moving and waiting.
   It affects your dexterity (+4).
   It affects your accuracy and damage with ranged weapons and melee attacks
   (+2).
   It protects you from fire.
   It makes you more stealthy.
 T - a ring of protection from magic (left hand)
Wands
 b - a wand of disintegration (12)
 E - a wand of scattershot (6)
 H - a wand of acid (8)
 K - a wand of flame (17)
 M - a wand of clouds (4)
 P - a wand of iceblast (9)
 R - a wand of digging (2)
Scrolls
 d - 11 scrolls of teleportation
 g - 4 scrolls of enchant weapon
 o - 5 scrolls of magic mapping
 p - 3 scrolls of immolation
 r - 8 scrolls of remove curse
 u - 4 scrolls of identify
 N - a scroll of vulnerability {unknown}
 O - a scroll of fear
Potions
 f - 5 potions of might
 i - 2 potions of curing
 l - a potion of flight
 m - 3 potions of resistance
 n - a potion of ambrosia
 q - 2 potions of haste
 v - 6 potions of heal wounds
 x - a potion of mutation
 A - 2 potions of agility
 D - a potion of berserk rage {unknown}
 F - 2 potions of magic
 G - a potion of cancellation
 I - a potion of brilliance
Comestibles
 c - 34 rations


   Skills:
 + Level 14.1 Fighting
 + Level 2.4 Maces & Flails
 * Level 18.1 Polearms
 * Level 15.3 Bows
 + Level 13.5 Armour
 + Level 5.8 Dodging
 + Level 1.5 Stealth
 + Level 0.6 Evocations


You had 14 spell levels left.
You didn't know any spells.
Your spell library was empty.

Dungeon Overview and Level Annotations

Branches:
Dungeon (14/15)            Temple (0/1) D:5            Lair (6/6) D:9
  Swamp (0/4) Lair:3        Snake (0/4) Lair:3        Slime (0/5) Lair:6
    Orc (2/2) D:11            Elf (0/3) Orc:2        Vaults (0/5) D:13

Altars:
Ashenzari
Dithmenos
Makhleb
Ru
Sif Muna
Uskayaw
Xom

Shops:
D:4 :   D:5 =   Orc:1 *   Orc:2 %*=!(*!


Innate Abilities, Weirdness & Mutations

You reflexively headbutt those who attack you in melee.
You have a pair of horns on your head.
You are frail. (-10% HP)


Message History

The four-headed hydra bites you but does no damage. x2
The four-headed hydra misses you.
You bludgeon the four-headed hydra!! You headbutt the four-headed hydra.
You kill the four-headed hydra!
Trog accepts your kill. The slime creature hits you.
* * * LOW HITPOINT WARNING * * *
The slime creature hits you but does no damage.
The slime creature closely misses you.
Wield which item (- for none, * to show all)? (? for menu, Esc to quit)
Your +2 flail of holy wrath stops glowing.
You feel magic leave you.
a - a +3 antimagic glaive (weapon)
You slice the slime creature!!
Your headbutt misses the slime creature.
The slime creature is moderately wounded.
The slime creature hits you!
* * * LOW HITPOINT WARNING * * *
The slime creature hits you!
You die...

####### ######'##
#######.## # #..# #..#
# ##.## #.## # #..#
#####.## # ########.##
#......# # #.........#
#......# # #.........#
#......## #
#....J....# #...[.÷..
# #.....@...#
###......## #
#.....JJ..###.....††.#
#
#.(...).....#####.(..#
#
#.........###PPP..P#.#
##
#.....)...###......#.#
.###
#.........##.P..P.####
...#
#####.########P..P#
.#.# #.# ######
...###### #.## #.#


You could see 3 slime creatures.

Vanquished Creatures
  Gastronok (D:12)
  An orc warlord (Orc:2)
  Snorg (D:10)
  7 hydras
  A centaur warrior (D:13)
  A catoblepas (Lair:4)
  A death knight (D:13)
  3 two-headed ogres
  3 death yaks (D:9)
  5 orc high priests
  An unseen horror (D:13)
  A lindwurm (Lair:4)
  Pikel (D:7)
  4 orc knights (Orc:2)
  An oklob plant (Lair:5)
  5 orc sorcerers (Orc:2)
  A deep elf mage (D:13)
  14 ugly things
  4 cyclopes
  A manticore (D:13)
  5 black mambas
  An ice statue (D:10)
  8 elephants
  Psyche (D:12)
  A centaur skeleton (D:11)
  20 spiny frogs
  2 rime drakes
  8 ice devils (D:10)
  3 freezing wraiths (D:13)
  10 komodo dragons
  8 trolls
  A hornet (D:8)
  2 queen bees
  3 meliai (Lair:4)
  4 tyrant leeches (Lair:6)
  3 polar bears
  36 blink frogs
  10 hippogriffs
  36 yaks
  A wyvern (D:10)
  Sigmund (D:2)
  A spriggan (D:7)
  A shadow (D:13)
  8 basilisks
  A human (D:11)
  A basilisk (shapeshifter) (D:13)
  3 hungry ghosts
  6 vampire mosquitoes
  Menkaure (D:7)
  A naga (Lair:3)
  5 wargs
  Edmund (D:5)
  6 porcupines
  13 water moccasins
  22 orc warriors
  3 sky beasts
  A black bear (D:11)
  3 ice beasts
  9 ogres
  A phantom (D:6)
  2 necrophages
  8 centaurs
  13 wolves
  9 crocodiles
  2 big kobolds
  30 bullfrogs
  3 wyvern skeletons
  58 killer bees
  9 wights
  2 electric eels
  4 crimson imps
  3 bullfrog zombies
  A centaur zombie (D:8)
  A quasit (D:13)
  5 jellies
  7 hounds
  A gnoll shaman (D:4)
  16 orc priests
  16 orc wizards
  6 iguanas
  Terence (D:3)
  7 worker ants
  A hound skeleton (D:6)
  Robin (D:2)
  13 gnolls
  13 adders
  7 shadow imps
  4 ufetubi (D:10)
  An ooze (Lair:6)
  An adder zombie (D:5)
  2 worms
  9 dart slugs
  8 leopard geckos
  51 orcs
  10 bats
  2 giant cockroaches
  21 goblins
  5 hobgoblins
  16 jackals
  16 kobolds
  3 quokkas
  4 ball pythons
  6 frilled lizards
  A leopard gecko skeleton (D:5)
  6 rats
  3 fungi
  3 plants
719 creatures vanquished.

Vanquished Creatures (others)
  13 fungi
  52 plants
65 creatures vanquished.

Grand Total: 784 creatures vanquished

Notes
Turn   | Place    | Note
-------+----------+-------------------------------------------
     0 | D:1      | nikopol the Minotaur Berserker began the quest for the Orb.
     0 | D:1      | Reached XP level 1. HP: 19/19 MP: 0/0
   186 | D:1      | Reached skill level 4 in Polearms
   186 | D:1      | Reached XP level 2. HP: 24/27 MP: 1/1
   327 | D:1      | Reached XP level 3. HP: 20/33 MP: 2/2
   374 | D:1      | Reached ** piety under Trog
   728 | D:2      | Noticed Sigmund
   736 | D:2      | Killed Sigmund
   736 | D:2      | Reached skill level 5 in Fighting
   736 | D:2      | Reached skill level 5 in Polearms
   736 | D:2      | Reached XP level 4. HP: 42/42 MP: 3/3
   736 | D:2      | Reached XP level 5. HP: 48/48 MP: 4/4
   739 | D:2      | Identified the +2 helmet of Oxoaduem {MP-9 Str+4}
   739 | D:2      | Noticed Robin
   758 | D:2      | Reached skill level 6 in Polearms
   768 | D:2      | Killed Robin
   988 | D:2      | Found a shattered altar of Ashenzari.
  1590 | D:3      | Reached XP level 6. HP: 44/56 MP: 5/5
  1597 | D:3      | Reached *** piety under Trog
  1898 | D:3      | Noticed Terence
  1901 | D:3      | Killed Terence
  1901 | D:3      | Reached skill level 7 in Polearms
  1910 | D:3      | Noticed an ice beast
  1928 | D:3      | Killed an ice beast
  2323 | D:4      | Reached XP level 7. HP: 62/62 MP: 6/6
  2349 | D:4      | Found Immas's Book Boutique.
  2436 | D:4      | Reached skill level 8 in Polearms
  2595 | D:4      | Reached **** piety under Trog
  3377 | D:5      | Entered Level 5 of the Dungeon
  3500 | D:5      | Reached skill level 5 in Armour
  3531 | D:5      | Found a staircase to the Ecumenical Temple.
  3540 | D:5      | Noticed Edmund
  3549 | D:5      | Killed Edmund
  3549 | D:5      | Reached XP level 8. HP: 61/71 MP: 7/7
  3944 | D:5      | Found Istril's Jewellery Emporium.
  4087 | D:5      | Reached skill level 9 in Polearms
  4690 | D:6      | Got a diamond-encrusted ring mail
  4701 | D:6      | Identified the +1 ring mail "Motykior" {rC+++ rCorr Str-5
                  | Stlth+} (You found it on level 6 of the Dungeon)
  5088 | D:6      | Reached skill level 10 in Polearms
  5146 | D:6      | Reached XP level 9. HP: 78/79 MP: 8/8
  5294 | D:6      | Found a shimmering altar of Xom.
  5295 | D:6      | Found a hide-covered altar of Uskayaw.
  5297 | D:6      | Found a burning altar of Makhleb.
  5598 | D:7      | Noticed Menkaure
  5603 | D:7      | Killed Menkaure
  5686 | D:7      | Noticed Pikel
  5735 | D:7      | Killed Pikel
  5735 | D:7      | Reached skill level 11 in Polearms
  6259 | D:8      | Reached skill level 12 in Polearms
  6624 | D:8      | Reached ***** piety under Trog
  6624 | D:8      | Reached XP level 10. HP: 85/90 MP: 9/9
  6678 | D:8      | Found a sacrificial altar of Ru.
  7241 | D:9      | Noticed a cyan ugly thing
  7255 | D:9      | Killed a cyan ugly thing
  7745 | D:9      | Noticed a death yak
  7757 | D:9      | Reached skill level 13 in Polearms
  7759 | D:9      | Noticed a death yak
  7761 | D:9      | Noticed a death yak
  7762 | D:9      | Killed a death yak
  7779 | D:9      | Killed a death yak
  7779 | D:9      | Reached skill level 10 in Fighting
  7781 | D:9      | Reached skill level 14 in Polearms
  7797 | D:9      | Killed a death yak
  7797 | D:9      | Reached XP level 11. HP: 101/101 MP: 10/10
  7873 | D:9      | Found a staircase to the Lair.
  7951 | Lair:1   | Entered Level 1 of the Lair of Beasts
  7973 | Lair:1   | Reached skill level 10 in Armour
  8461 | Lair:1   | Noticed a five-headed hydra
  8474 | Lair:1   | Killed a five-headed hydra
  8702 | Lair:1   | Reached skill level 15 in Polearms
  9450 | Lair:2   | Reached skill level 1 in Bows
  9505 | Lair:2   | Noticed a seven-headed hydra
  9514 | Lair:2   | HP: 6/153 [seven-headed hydra (9)]
  9515 | Lair:2   | Killed a seven-headed hydra
  9748 | Lair:2   | Reached skill level 5 in Dodging
 10203 | Lair:2   | Reached skill level 1 in Stealth
 11109 | Lair:2   | Reached XP level 12. HP: 110/110 MP: 11/11
 11119 | Lair:2   | Reached skill level 5 in Bows
 12059 | Lair:3   | Received a gift from Trog
 12628 | Lair:3   | Found a staircase to the Swamp.
 12744 | Lair:3   | Found a staircase to the Snake Pit.
 13142 | Lair:4   | Received a gift from Trog
 13262 | Lair:4   | Noticed a five-headed hydra
 13271 | Lair:4   | Killed a five-headed hydra
 13271 | Lair:4   | Reached skill level 1 in Maces & Flails
 13651 | Lair:4   | Received a gift from Trog
 14170 | Lair:4   | Reached skill level 16 in Polearms
 14443 | Lair:4   | Noticed a catoblepas
 14457 | Lair:4   | Killed a catoblepas
 14457 | Lair:4   | Reached XP level 13. HP: 106/118 MP: 12/12
 15454 | Lair:5   | Reached skill level 10 in Bows
 15777 | Lair:5   | Received a gift from Trog
 17456 | Lair:6   | Entered Level 6 of the Lair of Beasts
 18345 | Lair:6   | Reached ****** piety under Trog
 18373 | Lair:6   | Received a gift from Trog
 18430 | Lair:6   | Found a staircase to the Slime Pits.
 18842 | Lair:6   | Reached XP level 14. HP: 41/127 MP: 13/13
 18871 | Lair:5   | HP: 6/127 [poisoned by a spiny frog]
 19737 | Lair:6   | Received a gift from Trog
 20688 | D:10     | Entered Level 10 of the Dungeon
 20829 | D:10     | Received a gift from Trog
 21090 | D:10     | You fall through a shaft!
 21586 | D:11     | Found a staircase to the Orcish Mines.
 22033 | D:10     | Noticed Snorg
 22042 | D:10     | Killed Snorg
 23024 | D:12     | Noticed Psyche
 23028 | D:12     | Killed Psyche
 23034 | D:12     | Received a gift from Trog
 23081 | D:12     | Reached skill level 17 in Polearms
 23233 | D:12     | Found a shadowy altar of Dithmenos.
 23262 | D:12     | Noticed Gastronok
 23272 | D:12     | Killed Gastronok
 23342 | D:12     | Found a deep blue altar of Sif Muna.
 23673 | Orc:1    | Entered Level 1 of the Orcish Mines
 23673 | Orc:1    | Found Lestrismo's Assorted Antiques.
 23694 | Orc:1    | Bought a scroll of teleportation for 78 gold pieces
 23694 | Orc:1    | Bought a potion of heal wounds for 130 gold pieces
 23740 | Orc:1    | Upgraded the game from 0.24-a0-201-gf205589 to
                  | 0.24-a0-203-gf0bc1e9
 23766 | Orc:1    | Gained mutation: You are frail. (-10% HP) [a neqoxec]
 24781 | Orc:2    | Entered Level 2 of the Orcish Mines
 24840 | Orc:2    | Found Biolotte's Food Shoppe.
 24847 | Orc:2    | Found Ugalat's General Store.
 24993 | Orc:2    | Found Ajaiz's Distillery.
 25016 | Orc:2    | Noticed an orc warlord
 25035 | Orc:2    | Killed an orc warlord
 25047 | Orc:2    | Received a gift from Trog
 25142 | Orc:2    | Found a staircase to the Elven Halls.
 25782 | Orc:2    | Reached XP level 15. HP: 118/123 MP: 14/14
 25950 | Orc:2    | Found Ityott's General Store.
 25950 | Orc:2    | Found Uder's Jewellery Emporium.
 25952 | Orc:2    | Found Ullode's Distillery.
 25955 | Orc:2    | Found Sass's Weapon Boutique.
 26161 | Orc:2    | Bought the ring "Dyackoro" {rPois MR+} for 579 gold pieces
 26173 | Orc:2    | Bought the amulet "Givong" {Acrobat rF+ Dex+4 Slay+2
                  | Stlth+} for 1144 gold pieces
 26514 | D:13     | Reached skill level 15 in Bows
 26565 | D:13     | Found a gate to the Vaults.
 27212 | D:13     | Received a gift from Trog
 27466 | D:13     | Reached skill level 18 in Polearms
 28346 | D:13     | HP: 8/186 [slime creature (10)]
 28346 | D:13     | Mangled by a slime creature

Levels and vault maps discovered:
D:1:      minmay_arrival_nine_rooms, layout_basic
D:2:      layout_loops_ring, nicolae_ashenzari_panopticon, serial_park_tiny_2,
          uniq_robin, uniq_sigmund
D:3:      layout_rooms, st_stairs_5, uniq_terence
D:4:      layout_basic, serial_shops, shop, st_stairs_2
D:5:      layout_basic, minmay_temple_entry_statues_fountains, first_ration,
          serial_shops, nicolae_shop_behind_doors, uniq_edmund
D:6:      layout_basic, minitemple
D:7:      layout_rooms, the_bakery, uniq_menkaure, uniq_pikel
D:8:      layout_cave_pods, dk_noncrumbling_4, nicolae_water_bricks,
          nicolae_ru_path_of_blood
D:9:      layout_basic, dpeg_lair_monsters
D:10:     cheibrodos_frozen_isle, layout_basic, uniq_snorg
D:11:     layout_gridville, erik_orc_4
D:12:     layout_roguey, basic_altar, st_stairs_12,
          nicolae_dithmenos_through_a_glass_darkly, uniq_gastronok, uniq_psyche
D:13:     layout_roguey, david_vaults_1, minmay_misc_feat_five,
          hangedman_decor_peaks_small, minmay_lizard_king
D:14:     layout_rooms, minmay_misc_feat_alley
Lair:1:   layout_chaotic_city, nicolae_quartered_pool_medium
Lair:2:   layout_layer_cave, special_room [special_room_bee],
          grunt_megastairs_3, serial_bayou_shore_b
Lair:3:   layout_big_grid, swamp_mist_pool, guppyfry_snake_entry_island
Lair:4:   regret_index_wax_grids, layout_big_grid
Lair:5:   layout_cave_pods, lemuel_fruit_tree, grunt_megastairs_2
Lair:6:   minmay_lair_end_frog_pond, layout_small_grid,
          nicolae_slime_entry_slimehenge
Orc:1:    layout_caves, serial_shops, nicolae_shop_waterfront
Orc:2:    st_orc_elflike, layout_caves, serial_shops, shop, shop, shop

Skill      XL: |  1  2  3  4  5  6  7  8  9 10 11 12 13 14 15 |
---------------+----------------------------------------------+-----
Polearms       | 4 5 6 7 8 10 12 14 15 16 17 18 | 18.1
Fighting       | 4 5 6 7 8 10 11 12 13 14 | 14.1
Armour         | 3 5 6 8 9 11 12 13 | 13.5
Dodging        | 3 4 5 |  5.8
Bows           | 4 8 12 14 15 | 15.3
Stealth        | 1 |  1.5
Maces & Flails | 1 2 |  2.4
Evocations     | |  0.6

Action                   |  1- 3 |  4- 6 |  7- 9 | 10-12 | 13-15 || total
-------------------------+-------+-------+-------+-------+-------++-------
Melee: Spear             |    92 |   156 |    58 |    44 |       ||   350
       Headbutt          |    12 |    27 |    76 |   115 |   147 ||   377
       Trident           |       |       |   375 |   641 |   498 ||  1514
       Flail             |       |       |       |    10 |    17 ||    27
       Glaive            |       |       |       |       |   274 ||   274
 Fire: Shortbow          |       |       |       |   195 |   570 ||   765
       Longbow           |       |       |       |       |   343 ||   343
Invok: Berserk           |     1 |     1 |     4 |     8 |     8 ||    22
       Trog's Hand       |       |       |     1 |       |       ||     1
 Abil: Evoke Flight      |       |       |       |       |     2 ||     2
  Use: Scroll            |       |       |       |     9 |    16 ||    25
       Potion            |       |       |       |     2 |     2 ||     4
 Stab: Distracted        |       |     1 |       |       |       ||     1
  Eat: Chunk             |       |     6 |    15 |    22 |    43 ||    86
       Ration            |       |       |     2 |     3 |     2 ||     7
Armor: Chain mail        |    26 |    51 |   190 |   272 |   286 ||   825
       Animal skin       |     3 |       |       |       |       ||     3
Dodge: Dodged            |    32 |    43 |   135 |   255 |   444 ||   909

Table legend:
 A = Non-vault XP
 B = Vault XP
 C = Vault XP percentage of total XP
 D = Non-vault monster count
 E = Vault monster count
 F = Vault count percentage of total count
                 A         B        C        D         E       F
            +---------+---------+-------+---------+---------+-------
      Total |   71239 |   48719 |  40.6 |     479 |     234 |  32.8
            +---------+---------+-------+---------+---------+-------
        D:1 |      61 |       0 |   0.0 |      32 |       0 |   0.0
        D:2 |      49 |     260 |  84.1 |      20 |      14 |  41.2
        D:3 |     289 |      66 |  18.6 |      24 |       4 |  14.3
        D:4 |     527 |       3 |   0.6 |      25 |       2 |   7.4
        D:5 |     228 |     154 |  40.3 |      10 |       1 |   9.1
        D:6 |    1183 |       0 |   0.0 |      27 |       0 |   0.0
        D:7 |     481 |     975 |  67.0 |       5 |       3 |  37.5
        D:8 |    1630 |       0 |   0.0 |      24 |       0 |   0.0
        D:9 |    3153 |    3426 |  52.1 |      34 |       7 |  17.1
       D:10 |    1863 |    4400 |  70.3 |      14 |      14 |  50.0
       D:11 |    4836 |     705 |  12.7 |      17 |      15 |  46.9
       D:12 |    2291 |    2625 |  53.4 |      23 |       3 |  11.5
       D:13 |   12258 |    1728 |  12.4 |      29 |      10 |  25.6
       D:14 |     751 |       0 |   0.0 |       2 |       0 |   0.0
     Lair:1 |    4563 |       0 |   0.0 |      21 |       0 |   0.0
     Lair:2 |    4807 |    2127 |  30.7 |      13 |      26 |  66.7
     Lair:3 |    3743 |     169 |   4.3 |      21 |       1 |   4.5
     Lair:4 |    4698 |    9739 |  67.5 |      18 |      53 |  74.6
     Lair:5 |    9775 |    2400 |  19.7 |      34 |       8 |  19.0
     Lair:6 |    4987 |   11712 |  70.1 |      21 |      48 |  69.6
      Orc:1 |    4877 |       0 |   0.0 |      38 |       0 |   0.0
      Orc:2 |    4189 |    8230 |  66.3 |      27 |      25 |  48.1
            +---------+---------+-------+---------+---------+-------
